 Dungeon Sprint DCSS version 0.28-a0-514-g0d7ab7f379 (webtiles) character file.

Game seed: 14348465568236225573

25 dduke234 the Shield-Bearer (level 2, -4/40 HPs)
             Began as a Demigod Fighter on Sept 22, 2021.
             Slain by an ogre (22 damage)
             ... in the Dungeon (Sprint I: "Red Sonja").
             The game lasted 00:00:24 (21 turns).

dduke234 the Shield-Bearer (Demigod Fighter)          Turns: 21, Time: 00:00:25

Health: -4/40      AC:  7    Str: 17    XL:     2   Next: 63%
Magic:  4/4        EV:  9    Int: 10    God:
Gold:   0          SH:  5    Dex: 13    Spells: 1/1 levels left

rFire   . . .      SeeInvis .   a - +0 long sword
rCold   . . .      Faith    .   c - +0 buckler
rNeg    . . .      Spirit   .   b - +0 scale mail
rPois   .          Reflect  .   (no helmet)
rElec   .          Harm     .   (no cloak)
rCorr   .          Rampage  .   (no gloves)
Will    .....      NoTele   +   (no boots)
Stlth   ..........              (no amulet)
HPRegen 0.13/turn               (no ring)
MPRegen 0.09/turn               (no ring)

@: mighty, berserking (expiring), very quick
A: high mp 1, forlorn
a: no special abilities


You were in the Dungeon.
You visited 1 branch

Inventory:

Hand Weapons
 a - a +0 long sword (weapon)
Armour
 b - a +0 scale mail (worn)
 c - a +0 buckler (worn)
Wands
 d - a wand of flame (17)
Scrolls
 j - a scroll of blinking
Potions
 e - a potion of curing
 f - a potion of heal wounds
 g - a potion of haste
 h - 2 potions of magic
 k - a potion of cancellation {unknown}


   Skills:
 * Level 3.9 Fighting
 * Level 2.4 Long Blades
 * Level 3.9 Armour
 * Level 3.9 Shields


You had one spell level left.
You didn't know any spells.
Your spell library was empty.

Dungeon Overview and Level Annotations

Branches:
Dungeon (1/1)


Innate Abilities, Weirdness & Mutations

Your attributes grow dramatically as you level up.
You have an increased reservoir of magic. (+10% MP)
You shall have no god before yourself.


Message History

Ijyb misses you.
There is an open door here.
You barely miss Ijyb.
Ijyb zaps a wand.
The puff of flame hits you.
You slash Ijyb!
Ijyb is heavily wounded.
Ijyb zaps a wand.
The puff of flame misses you.
You closely miss Ijyb.
Ijyb is heavily wounded.
Ijyb hits you but does no damage.
Ijyb zaps a wand.
The puff of flame hits you.
You hit Ijyb.
Ijyb is heavily wounded.
You block Ijyb's attack.
You hit Ijyb.
Ijyb is severely wounded.
Ijyb hits you but does no damage.
You slash Ijyb!
You kill Ijyb!
Your Fighting skill increases to level 3!
Your Long Blades skill increases to level 2!
Your Armour skill increases to level 3!
Your Shields skill increases to level 3!
You have reached level 2!
d - a wand of flame (17);
k - a fizzy silvery potion
Things that are here:
a +0 club; a +0 leather armour A red film seems to cover your vision as you go berserk!
You feel yourself moving faster!
You feel mighty!
The door flies open with a bang!
You feel a strong urge to attack something.
An ogre comes into view. It is wielding a +0 giant club.
The ogre shouts!
There is an open door here.
You slash the ogre!
The ogre is moderately wounded.
The ogre hits you with a +0 giant club!
You slash the ogre!
The ogre is severely wounded.
The ogre hits you with a +0 giant club!!
Ouch! That really hurt!
You die...

##########
#<.#..@O.#
#..').#..+
#..#####+#
#..# #..#
#..# #⌠⌠#
####


You could see an ogre.

Vanquished Creatures
  Ijyb (D)
1 creature vanquished.

Notes
Turn   | Place    | Note
-------+----------+-------------------------------------------
     0 | D        | dduke234 the Demigod Fighter began the quest for the Orb.
     0 | D        | Reached XP level 1. HP: 18/18 MP: 3/3
     5 | D        | Noticed Ijyb
    12 | D        | Killed Ijyb
    13 | D        | Reached XP level 2. HP: 17/27 MP: 4/4
    18 | D        | Noticed an ogre
    21 | D        | Slain by an ogre

Illustrated notes

Levels and vault maps discovered:
D:        dungeon_sprint_1 [red_sonja_temple_1, red_sonja_temple_small_1]

Skill      XL: |  1 |
---------------+----+-----
Fighting       | 3 |  3.9
Long Blades    | 2 |  2.4
Armour         | 3 |  3.9
Shields        | 3 |  3.9

Action                   || total
-------------------------++-------
Melee: Long sword        ||     8
  Use: Potion            ||     2
Armor: Scale mail        ||     2
Dodge: Dodged            ||     2
Block: Buckler           ||     1

Table legend: (Time is in decaauts)
 A = Elapsed time spent in this place.
 B = Non-inter-level travel time spent in this place.
 C = Inter-level travel time spent in this place.
 D = Time resting spent in this place.
 E = Time spent auto-exploring this place.
 F = Levels seen in this place.
 G = Mean time per level.
                   A        B        C        D        E       F      G
               +--------+--------+--------+--------+--------+-----+--------+
         Total |     22 |     22 |      0 |      0 |      0 |   1 |   22.0 |
       Dungeon |     22 |     22 |      0 |      0 |      0 |   1 |   22.0 |
               +--------+--------+--------+--------+--------+-----+--------+

Top non-repeatable levels by time:
       D: 22 daAuts
